 Dungeon Crawl Stone Soup version 0.24-a0-769-g368c1644f8 (webtiles) character file.

Game seed: 4898184557358032031, levelgen mode: deterministic

76 HumanIsDead the Chopper (level 4, -2/33 HPs)
             Began as a Human Gladiator on Oct 6, 2019.
             Killed from afar by Sigmund (4 damage)
             ... with a magic dart
             ... on level 2 of the Dungeon.
             The game lasted 00:03:10 (1694 turns).

HumanIsDead the Chopper (Human Gladiator)           Turns: 1694, Time: 00:03:10

Health: -2/33      AC:  5    Str: 15    XL:     4   Next: 57%
Magic:  4/4        EV: 13    Int:  9    God:
Gold:   87         SH:  0    Dex: 14    Spells: 3/3 levels left

rFire    . . .     SeeInvis .   a - +0 war axe
rCold    . . .     Gourm    .   (no shield)
rNeg     . . .     Faith    .   b - +0 leather armour
rPois    .         Spirit   .   c - +0 helmet
rElec    .         Reflect  .   (no cloak)
rCorr    .         Harm     .   (no gloves)
MR       .....                  l - +0 pair of boots (curse)
Stlth    +.........             (no amulet)
HPRegen  0.11/turn              (no ring)
MPRegen  0.09/turn              (no ring)

@: no status effects
A: no striking features
a: no special abilities


You were on level 2 of the Dungeon.
You were hungry.

You visited 1 branch of the dungeon, and saw 2 of its levels.

You collected 87 gold pieces.

Inventory:

Hand Weapons
 a - a +0 war axe (weapon)
Missiles
 d - a throwing net (quivered)
Armour
 b - a +0 leather armour (worn)
 c - a +0 helmet (worn)
 l - a cursed +0 pair of boots (worn)
Jewellery
 o - an uncursed ring of positive energy {unknown}
Scrolls
 e - 3 scrolls of identify {unknown}
 j - a scroll of enchant weapon {unknown}
 k - 2 scrolls of remove curse {unknown}
 m - 2 scrolls of fear {unknown}
Potions
 g - a potion of might {unknown}
 h - a potion of haste {unknown}
 i - 3 potions of curing {unknown}
 n - a potion of heal wounds {unknown}
Comestibles
 f - 5 rations


   Skills:
 - Level 2.0 Fighting
 + Level 5.0 Axes
 - Level 2.0 Throwing
 - Level 3.0 Dodging


You had 3 spell levels left.
You didn't know any spells.
Your spell library was empty.

Dungeon Overview and Level Annotations

Branches:
Dungeon (2/15)

Altars:

Annotations:
D:2 Sigmund


Message History

You bump into the rock wall.
You hear some strange, mumbled words.
A magic dart appears from out of thin air!
The magic dart hits you!
You bump into the rock wall.
Something barely misses you.
Unknown command.
You bump into the rock wall.
You bump into the rock wall.
Something completely misses you.
You're too confused to move!
Something hits you!
* * * LOW HITPOINT WARNING * * *
You bump into the rock wall.
You feel less confused. Something hits you.
* * * LOW HITPOINT WARNING * * *
Unknown command.
You hit something but do no damage.
You hear some strange, mumbled words.
A magic dart appears from out of thin air!
The magic dart hits you.
You die...

#.########....... #######.#####
######.. ## #.{.........#######
#.. .# #.#####†[.........# #.. .#
#.# #.###.#####.# #.. {# #.# #.#
#.# #†# #.. .# #.# #.# #.# #.#
#.# .# #.#####{# #.# #.# #.#
.##########)##..@.# #.# #.# #.#
..........)....##.# #.# #.# #..
###########.#####.# #†# #.#####
#.# #.# #.# #...... #.#
#.###.###########
#.#####.#...>..........
###########................######
.........>..........######.######
##.........######..## ......


There were no monsters in sight!

Vanquished Creatures
  A worker ant (D:2)
  An ooze (D:1)
  A worm (D:2)
  A dart slug (D:1)
  A leopard gecko (D:1)
  5 bats
  2 giant cockroaches
  5 goblins
  4 hobgoblins (D:1)
  5 jackals
  2 kobolds
  7 frilled lizards
  7 rats
42 creatures vanquished.

Notes
Turn   | Place    | Note
-------+----------+-------------------------------------------
     0 | D:1      | HumanIsDead the Human Gladiator began the quest for the
                  | Orb.
     0 | D:1      | Reached XP level 1. HP: 16/16 MP: 1/1
    60 | D:1      | Reached XP level 2. HP: 22/22 MP: 2/2
   284 | D:1      | Reached skill level 4 in Axes
   284 | D:1      | Reached XP level 3. HP: 3/27 MP: 3/3
  1346 | D:2      | Reached XP level 4. HP: 25/33 MP: 4/4
  1543 | D:2      | Reached skill level 5 in Axes
  1613 | D:2      | Noticed Sigmund
  1694 | D:2      | Killed from afar by Sigmund

Levels and vault maps discovered:
D:1:      sevenhm_arrival_forest_fort_small_3, layout_basic,
          corexii_leaking_fountain, minmay_tree_intersection
D:2:      layout_loops_ring, uniq_sigmund

Skill      XL: |  1  2  3  4 |
---------------+-------------+-----
Axes           | 4 5 |  5.0
Fighting       | |  2.0
Throwing       | |  2.0
Dodging        | |  3.0

Action                   |  1- 3 |  4- 6 || total
-------------------------+-------+-------++-------
Melee: War axe           |   126 |    31 ||   157
Throw: Throwing net      |       |     2 ||     2
 Stab: Sleeping          |       |     1 ||     1
  Eat: Chunk             |     1 |     1 ||     2
Armor: Leather armour    |    48 |     6 ||    54
Dodge: Dodged            |    96 |    17 ||   113

Table legend:
 A = Non-vault XP
 B = Vault XP
 C = Vault XP percentage of total XP
 D = Non-vault monster count
 E = Vault monster count
 F = Vault count percentage of total count
                 A         B        C        D         E       F
            +---------+---------+-------+---------+---------+-------
      Total |     109 |       0 |   0.0 |      42 |       0 |   0.0
            +---------+---------+-------+---------+---------+-------
        D:1 |      50 |       0 |   0.0 |      25 |       0 |   0.0
        D:2 |      59 |       0 |   0.0 |      17 |       0 |   0.0
            +---------+---------+-------+---------+---------+-------
